AoeStats
← Garoh

Arena

508509201Analyzed
1v1 RM · 10d ago on Sep 22, 2026· 31m 30s· 2 players
Game mode
Random Map
Map size
Tiny (2 player)
Population
200
Speed
Normal
Resources
Standard
Victory
Conquest
Starting age
Dark Age
Ending age
Imperial Age
RankedLock teamsTeams togetherTeam positionsShared explorationLock speedFull tech treeHidden civsTurbo modeCheats
Victory
Defeat
🇲🇽 Aztecs · Mexico
1239
+16
🇩🇪 Italians · Germany
1234
-16
Garoh
10:48 Feudal Age
12:26 Double-Bit Axe
14:57 Castle Age
13:17 Horse Collar
14:11 Gold Mining
15:36 Scale Barding Armor
18:00 Sanctity
19:59 Fervor
22:09 Wheelbarrow
25:51 Hand Cart
25:53 Bow Saw
25:45 Heavy Plow
27:26 Scale Mail Armor
27:37 Forging
27:30 Loom
27:52 Squires
28:12 Man-at-Arms
29:09 Chain Mail Armor
29:43 Long Swordsman
30:59 Iron Casting
icoss14
10:04 Feudal Age
8:53 Loom
14:58 Castle Age
13:35 Double-Bit Axe
13:32 Horse Collar
15:09 Forging
16:09 Squires
18:37 Scale Mail Armor
19:04 Eagle Warrior
22:30 Sanctity
23:20 Iron Casting
26:12 Wheelbarrow
31:27 Imperial Age
28:51 Arson
29:10 Town Watch
32:09 Chain Mail Armor
Connection lost

Rejoining the realm…

Still unreachable

The connection could not be restored.

Session expired

The server has moved on; the page needs a fresh start.